% Time on Ice - KANSAS CITY KILLERBEES
Lines # - Real PCT - Wanted PCT - Time Play
Normal Forward
1 - 31% - 33% - 15:13
2 - 30% - 30% - 14:27
3 - 26% - 26% - 12:38
4 - 13% - 11% - 6:15
Normal Defense
1 - 34% - 33% - 16:43
2 - 33% - 33% - 16:06
3 - 32% - 33% - 15:41
4 - 0% - 1% - 0:03
PP Forward
1 - 62% - 55% - 1:14
2 - 38% - 45% - 0:45
PP Defense
1 - 38% - 50% - 0:45
2 - 62% - 50% - 1:14
PK Forward
1 - 61% - 55% - 5:45
2 - 39% - 45% - 3:43
PK Defense
1 - 56% - 50% - 5:20
2 - 44% - 50% - 4:08
PK3 Forward
1 - 0% - 55%
2 - 0% - 45%
PK3 Defense
1 - 0% - 50%
2 - 0% - 50%
44 Forward
1 - 0% - 55%
2 - 0% - 45%
44 Defense
1 - 0% - 50%
2 - 0% - 50%
Last Minute Offensive  - 0:00
Last Minute Defensive  - 0:00
Total
Forward - 60:00
Defense - 60:00
% Time on Ice - LONG BEACH BARACUDAS
Lines # - Real PCT - Wanted PCT - Time Play
Normal Forward
1 - 38% - 37% - 18:25
2 - 28% - 30% - 13:25
3 - 25% - 25% - 12:18
4 - 9% - 8% - 4:25
Normal Defense
1 - 38% - 36% - 18:13
2 - 33% - 31% - 16:02
3 - 22% - 23% - 10:52
4 - 7% - 10% - 3:26
PP Forward
1 - 40% - 55% - 3:46
2 - 60% - 45% - 5:42
PP Defense
1 - 61% - 55% - 5:46
2 - 39% - 45% - 3:42
PK Forward
1 - 64% - 55% - 1:16
2 - 36% - 45% - 0:43
PK Defense
1 - 40% - 55% - 0:48
2 - 60% - 45% - 1:11
PK3 Forward
1 - 0% - 55%
2 - 0% - 45%
PK3 Defense
1 - 0% - 55%
2 - 0% - 45%
44 Forward
1 - 0% - 55%
2 - 0% - 45%
44 Defense
1 - 0% - 55%
2 - 0% - 45%
Last Minute Offensive  - 0:00
Last Minute Defensive  - 0:00
Total
Forward - 60:00
Defense - 60:00
Play-by-Play 1st period 0:01 of 1st period - Sean Couturier wins face-off versus Sidney Crosby in neutral zone. 0:06 of 1st period - Icing by Taylor Hall. 0:07 of 1st period - Paul Stastny wins face-off versus Sidney Crosby in LONG BEACH BARACUDAS zone. 0:14 of 1st period - Shot by Paul Stastny. 0:14 of 1st period - Shot Misses the Net. 0:16 of 1st period - Shot by Paul Stastny. 0:16 of 1st period - Stopped by Darcy Kuemper without a rebound. 0:17 of 1st period - Steven Stamkos wins face-off versus Austin Czarnik in LONG BEACH BARACUDAS zone. 0:24 of 1st period - Shot by Elias Lindholm. 0:24 of 1st period - Shot Misses the Net. 0:32 of 1st period - Jordan Oesterle is hit by Austin Czarnik and loses puck. 0:53 of 1st period - Shot by Steven Stamkos. 0:53 of 1st period - Stopped by John Gibson with a rebound. 1:03 of 1st period - Shot by Elias Lindholm. 1:03 of 1st period - Shot Blocked by Dylan DeMelo. 1:08 of 1st period - Icing by Ryan Kesler. 1:09 of 1st period - Ryan Kesler wins face-off versus Nolan Patrick in KANSAS CITY KILLERBEES zone. 1:32 of 1st period - Shot by Nolan Patrick. 1:32 of 1st period - Shot Blocked by Calvin De Haan. 1:34 of 1st period - Shot by Brad Richardson. 1:34 of 1st period - Stopped by John Gibson without a rebound. 1:35 of 1st period - Sidney Crosby wins face-off versus Sean Couturier in KANSAS CITY KILLERBEES zone. 2:02 of 1st period - Shot by Alexander DeBrincat. 2:02 of 1st period - Stopped by Darcy Kuemper without a rebound. 2:03 of 1st period - Paul Stastny wins face-off versus Derick Brassard in LONG BEACH BARACUDAS zone. 2:16 of 1st period - Paul Stastny is hit by Xavier Ouellet and loses puck. 3:29 of 1st period - Shot by Mark Stone. 3:29 of 1st period - Shot Blocked by Zachary Werenski. 3:31 of 1st period - Shot by Sean Couturier. 3:31 of 1st period - Goal by Sean Couturier - KANSAS CITY KILLERBEES : 1 - LONG BEACH BARACUDAS : 0. 3:32 of 1st period - Kyle Brodziak wins face-off versus Nolan Patrick in neutral zone. 3:51 of 1st period - Dylan DeMelo is hit by Kyle Palmieri and loses puck. 4:00 of 1st period - Shot by Kyle Palmieri. 4:00 of 1st period - Goal by Kyle Palmieri - KANSAS CITY KILLERBEES : 1 - LONG BEACH BARACUDAS : 1. 4:01 of 1st period - Sean Couturier wins face-off versus Sidney Crosby in neutral zone. 4:20 of 1st period - Shot by Sidney Crosby. 4:20 of 1st period - Shot Misses the Net. 4:30 of 1st period - Shot by Taylor Hall. 4:30 of 1st period - Shot Misses the Net. 4:44 of 1st period - Shot by Taylor Hall. 4:44 of 1st period - Stopped by John Gibson with a rebound. 5:03 of 1st period - Shot by Elias Lindholm. 5:03 of 1st period - Shot Misses the Net. 5:07 of 1st period - Shot by Kyle Connor. 5:07 of 1st period - Shot Misses the Net. 5:09 of 1st period - Shot by Elias Lindholm. 5:09 of 1st period - Shot Misses the Net. 5:11 of 1st period - Shot by Elias Lindholm. 5:11 of 1st period - Goal by Elias Lindholm - KANSAS CITY KILLERBEES : 1 - LONG BEACH BARACUDAS : 2. 5:12 of 1st period - Nolan Patrick wins face-off versus Artturi Lehkonen in neutral zone. 5:12 of 1st period - Zachary Werenski is hit by William Nylander and loses puck. 5:19 of 1st period - Shot by Kyle Palmieri. 5:19 of 1st period - Shot Misses the Net. 5:21 of 1st period - Shot by Brad Richardson. 5:21 of 1st period - Stopped by John Gibson without a rebound. 5:22 of 1st period - Kyle Brodziak wins face-off versus Steven Stamkos in KANSAS CITY KILLERBEES zone. 5:29 of 1st period - Shot by Cam Fowler. 5:29 of 1st period - Shot Blocked by Zachary Werenski. 5:35 of 1st period - Shot by Denis Malgin. 5:35 of 1st period - Shot Misses the Net. 5:43 of 1st period - Shot by Kyle Brodziak. 5:43 of 1st period - Shot Misses the Net. 5:45 of 1st period - Shot by Jacob Muzzin. 5:45 of 1st period - Stopped by Darcy Kuemper without a rebound. 5:46 of 1st period - Nolan Patrick wins face-off versus Paul Stastny in LONG BEACH BARACUDAS zone. 5:59 of 1st period - Shot by Artturi Lehkonen. 5:59 of 1st period - Stopped by Darcy Kuemper with a rebound. 6:11 of 1st period - Shot by Paul Stastny. 6:11 of 1st period - Shot Misses the Net. 6:13 of 1st period - Shot by Paul Stastny. 6:13 of 1st period - Stopped by Darcy Kuemper without a rebound. 6:14 of 1st period - Sidney Crosby wins face-off versus Ryan Kesler in LONG BEACH BARACUDAS zone. 6:14 of 1st period - Sidney Crosby is hit by Ryan Kesler. 6:29 of 1st period - Icing by Austin Czarnik. 6:30 of 1st period - Ryan Kesler wins face-off versus Steven Stamkos in KANSAS CITY KILLERBEES zone. 6:56 of 1st period - Cam Fowler is hit by Elias Lindholm and loses puck. 7:03 of 1st period - Alex Pietrangelo is hit by Ryan Kesler and loses puck. 8:39 of 1st period - Shot by Kyle Palmieri. 8:39 of 1st period - Stopped by John Gibson without a rebound. 8:40 of 1st period - Derick Brassard wins face-off versus Sean Couturier in KANSAS CITY KILLERBEES zone. 8:41 of 1st period - Shot by Luke Kunin. 8:41 of 1st period - Shot Misses the Net. 8:43 of 1st period - Shot by Zachary Werenski. 8:43 of 1st period - Stopped by John Gibson without a rebound. 8:44 of 1st period - Steven Stamkos wins face-off versus Sean Couturier in KANSAS CITY KILLERBEES zone. 9:24 of 1st period - Shot by Elias Lindholm. 9:24 of 1st period - Goal by Elias Lindholm - KANSAS CITY KILLERBEES : 1 - LONG BEACH BARACUDAS : 3. 9:25 of 1st period - Ryan Kesler wins face-off versus Sidney Crosby in neutral zone. 10:15 of 1st period - Shot by Sidney Crosby. 10:15 of 1st period - Shot Misses the Net. 10:47 of 1st period - Shot by Brad Richardson. 10:47 of 1st period - Stopped by John Gibson without a rebound. 10:48 of 1st period - Sean Couturier wins face-off versus Steven Stamkos in KANSAS CITY KILLERBEES zone. 10:59 of 1st period - Shot by Mark Stone. 10:59 of 1st period - Shot Misses the Net. 11:16 of 1st period - Icing by Sean Couturier. 11:17 of 1st period - Nolan Patrick wins face-off versus Mark Stone in KANSAS CITY KILLERBEES zone. 11:40 of 1st period - Shot by Kyle Palmieri. 11:40 of 1st period - Stopped by John Gibson without a rebound. 11:41 of 1st period - Sidney Crosby wins face-off versus Kyle Brodziak in KANSAS CITY KILLERBEES zone. 12:03 of 1st period - Shot by Taylor Hall. 12:03 of 1st period - Goal by Taylor Hall - KANSAS CITY KILLERBEES : 1 - LONG BEACH BARACUDAS : 4. 12:03 of 1st period - Jonathan Bernier enters game. 12:04 of 1st period - Paul Stastny wins face-off versus Nolan Patrick in neutral zone. 12:21 of 1st period - Shot by Paul Stastny. 12:21 of 1st period - Shot Blocked by Alex Pietrangelo. 12:23 of 1st period - Shot by Jacob Muzzin. 12:23 of 1st period - Stopped by Darcy Kuemper without a rebound. 12:24 of 1st period - Sidney Crosby wins face-off versus Sean Couturier in LONG BEACH BARACUDAS zone. 13:33 of 1st period - Shot by Artturi Lehkonen. 13:33 of 1st period - Stopped by Darcy Kuemper without a rebound. 13:34 of 1st period - Kyle Brodziak wins face-off versus Steven Stamkos in LONG BEACH BARACUDAS zone. 13:37 of 1st period - Shot by Jacob de la Rose. 13:37 of 1st period - Stopped by Darcy Kuemper without a rebound. 13:38 of 1st period - Paul Stastny wins face-off versus Nolan Patrick in LONG BEACH BARACUDAS zone. 13:58 of 1st period - Shot by Nolan Patrick. 13:58 of 1st period - Shot Misses the Net. 14:26 of 1st period - Brad Richardson is hit by Jacob Muzzin. 14:52 of 1st period - Kyle Connor is hit by Jacob Muzzin and loses puck. 14:56 of 1st period - Minor Penalty to Jacob Muzzin for Hooking. 14:57 of 1st period - Sean Couturier wins face-off versus Sidney Crosby in KANSAS CITY KILLERBEES zone. 15:17 of 1st period - Shot by Kyle Connor. 15:17 of 1st period - Shot Misses the Net. 15:56 of 1st period - Icing by Ben Hutton. 15:57 of 1st period - Sean Couturier wins face-off versus Sam Reinhart in LONG BEACH BARACUDAS zone. 16:55 of 1st period - Shot by Kyle Connor. 16:55 of 1st period - Shot Misses the Net. 16:58 of 1st period - Icing by Cam Fowler. 16:59 of 1st period - Steven Stamkos wins face-off versus Kyle Brodziak in KANSAS CITY KILLERBEES zone. 18:15 of 1st period - Shot by Mattias Janmark. 18:15 of 1st period - Stopped by Darcy Kuemper without a rebound. 18:16 of 1st period - Sean Couturier wins face-off versus Taylor Hall in LONG BEACH BARACUDAS zone. 18:30 of 1st period - Off-side. 18:31 of 1st period - Paul Stastny wins face-off versus Nolan Patr